 Dungeon Crawl Stone Soup version 0.30.0-5-g1a98f26d00 (webtiles) character file.

Game seed: 911474392878067483

63 NinjaNoafa the Firebug (level 4, -1/21 HPs)
             Began as a Vine Stalker Fire Elementalist on May 10, 2023.
             Slain by an iguana (7 damage)
             ... on level 3 of the Dungeon.
             The game lasted 00:05:00 (1234 turns).

NinjaNoafa the Firebug (VSFE)                       Turns: 1234, Time: 00:05:00

Health: -1/21      AC:  4    Str: 10    XL:     4   Next: 9%
Magic:  0/8        EV: 12    Int: 17    God:
Gold:   110        SH:  0    Dex: 15    Spells: 4/7 levels left

rFire   + . .        a - +3 dagger (elec)
rCold   . . .        (no shield)
rNeg    . . .        q - +0 robe
rPois   .            (no helmet)
rElec   .            (no cloak)
rCorr   .            s - +1 pair of gloves
SInv    .            (no boots)
Will    .....        (no amulet)
Stlth   ++           j - ring of protection from fire
HPRegen 1.03/turn    (no ring)
MPRegen 0.11/turn

%: guardian spirit
@: no status effects
A: fangs 2, regeneration 1, magic shield, antimagic bite, no potion heal 2
a: no special abilities


You were on level 3 of the Dungeon.
You visited 1 branch of the dungeon, and saw 3 of its levels.

You collected 110 gold pieces.

Inventory:

Hand Weapons
 a - a +3 dagger of electrocution (weapon)
Missiles
 k - 2 javelins
 p - 5 curare-tipped darts
Armour
 q - a +0 robe (worn)
 s - a +1 pair of gloves (worn)
Magical Staves
 b - a staff of conjuration
Jewellery
 j - a ring of protection from fire (left hand)
Scrolls
 c - a scroll of immolation {unknown}
 d - 3 scrolls of teleportation {unknown}
 g - a scroll of amnesia {unknown}
 h - 3 scrolls of identify {unknown}
 l - a scroll of noise {unknown}
 m - 2 scrolls of enchant weapon {unknown}
 n - a scroll of blinking {unknown}
 r - a scroll of silence {unknown}
 t - a scroll of brand weapon {unknown}
Potions
 e - a potion of flight {unknown}
 f - 4 potions of curing {unknown}
 i - a potion of resistance {unknown}
 o - a potion of haste {unknown}
 u - a potion of magic


   Skills:
 + Level 0.7 Short Blades
 - Level 1.5 Dodging
 - Level 2.4 Stealth
 - Level 2.1 Spellcasting
 + Level 2.5 Conjurations
 + Level 3.9 Fire Magic


You had 4 spell levels left.
You knew the following spells:

 Your Spells              Type           Power      Damage    Failure   Level
a - Foxfire               Conj/Fire      48%        2x1d6     4%          1
b - Scorch                Fire           30%        2d6       6%          2

Your spell library contained the following spells:

 Spells                   Type           Power      Damage    Failure   Level
 Sandblast                Erth           2%         2d4       19%         1
 Inner Flame              Hex/Fire       8%         N/A       26%         3
 Volatile Blastmotes      Fire/Tloc      16%        2d11      26%         3
 Passwall                 Tmut/Erth      0%         N/A       28%         2
 Sublimation of Blood     Necr           1%         N/A       28%         2
 Stone Arrow              Conj/Erth      12%        3d7       32%         3
 Flame Wave               Conj/Fire      12%        2d6       45%         4
 Petrify                  Tmut/Erth      1%         N/A       88%         4
 Irradiate                Conj/Tmut      3%         3d12      97%         5


Dungeon Overview and Level Annotations

Branches:
Dungeon (3/15) Zot: 16769

Altars:


Innate Abilities, Weirdness & Mutations

You have extremely sharp teeth.
Your natural rate of healing is unusually fast.
When hurt, damage is shared between your health and your magic reserves.
Your bite disrupts and absorbs the magic of your enemies.
Potions cannot restore your health.


Message History

Okay, then.
Unknown command.
Okay, then.
You feel a surge of power!
You conjure some foxfire!
Unknown command.
Unknown command.
The foxfire hits the orc.
You kill the orc!
The foxfire hits the orc.
You kill the orc!
A giant cockroach comes into view.
You hear the crackle of electricity.
a - a +3 dagger of electrocution (weapon)
An iguana comes into view.
You hit the giant cockroach.
Lightning courses through the giant cockroach!
You kill the giant cockroach!
A hobgoblin comes into view. It is wielding a +0 short sword.
Things that are here:
a +0 war axe; a giant cockroach corpse
Things that are here:
a +0 war axe; a giant cockroach corpse
Things that are here:
a +1 dagger of venom; an orc corpse The iguana hisses angrily.
You hit the iguana but do no damage. Your bite misses the iguana.
The iguana bites you.
You hit the iguana. You bite the iguana, but do no damage.
The iguana is moderately wounded.
The iguana bites you.
You barely miss the iguana.
The iguana is moderately wounded.
You closely miss the iguana. You bite the iguana. You drain its power.
You feel invigorated.
The iguana is moderately wounded.
The iguana bites you!
* * * LOW HITPOINT WARNING * * *
Unknown command.
The iguana attacks as you move away! The iguana bites you!
You die...

.. #.o. ...#...
...#).. ....... #.....
#....)
#.....################
#..
#.....)......g@l......
##..#
###+###.).....########
.... #.........# #...
#..))...#.# ##.#.
#.......#.# #....
#####.#...# #..#.
...#...# ####..#.
#######.# #....... #.#
#.......


You could see an iguana and a hobgoblin.

Vanquished Creatures
  An adder (D:3)
  A worm (D:2)
  5 orcs (D:3)
  3 ball pythons
  5 endoplasms
  5 giant cockroaches
  3 goblins
  4 hobgoblins
  2 quokkas
  5 bats
  4 frilled lizards
  5 rats
43 creatures vanquished.

Vanquished Creatures (others)
  92 foxfires
92 creatures vanquished.

Grand Total: 135 creatures vanquished

Notes
Turn   | Place    | Note
-------+----------+-------------------------------------------
     0 | D:1      | NinjaNoafa the Vine Stalker Fire Elementalist began the
                  | quest for the Orb.
     0 | D:1      | Reached XP level 1. HP: 9/9 MP: 4/4
   120 | D:1      | Reached XP level 2. HP: 10/13 MP: 4/6
   409 | D:1      | Learned a level 2 spell: Scorch
   579 | D:1      | Reached XP level 3. HP: 16/16 MP: 4/7
  1188 | D:3      | Identified the +3 whip "Ejoich" {freeze, rF+ MP+9}
  1210 | D:3      | Gained mutation: Your natural rate of healing is unusually
                  | fast. [Vine Stalker growth]
  1210 | D:3      | Reached XP level 4. HP: 21/21 MP: 2/8
  1234 | D:3      | Slain by an iguana

Illustrated notes

Levels and vault maps discovered:
D:1:      mushboom_english_gardens, layout_basic
D:2:      layout_rooms
D:3:      layout_basic, ebering_ecumenical_altar_abandoned,
          corexii_hall_statues_i

Skill      XL: |  1  2 |
---------------+-------+-----
Conjurations   | 2 |  2.5
Short Blades   | |  0.7
Dodging        | |  1.5
Stealth        | |  2.4
Spellcasting   | |  2.1
Fire Magic     | |  3.9

Action                     |  1- 3 |  4- 6 || total
---------------------------+-------+-------++-------
  Melee: Unarmed           |    11 |       ||    11
         Bite              |     3 |     2 ||     5
         Punch             |     1 |       ||     1
         Rapier            |     1 |       ||     1
         Dagger            |       |     5 ||     5
   Cast: Foxfire           |    57 |     2 ||    59
         Scorch            |     4 |       ||     4
 Armour: Robe              |     6 |       ||     6
  Dodge: Dodged            |    20 |       ||    20
